 Dungeon Crawl Stone Soup version 0.28-a0-312-gbced6e68ee (webtiles) character file.

Game seed: 14169859971261362967

56 frimble the Skirmisher (level 3, -1/35 HPs)
             Began as a Gnoll Wanderer on Aug 31, 2021.
             Slain by a crimson imp (3 damage)
             ... summoned by Natasha
             ... on level 2 of the Dungeon.
             The game lasted 00:01:36 (1946 turns).

frimble the Skirmisher (Gnoll Wanderer)             Turns: 1946, Time: 00:01:37

Health: -1/35      AC:  2    Str: 11    XL:     3   Next: 97%
Magic:  1/1        EV: 13    Int:  8    God:
Gold:   22         SH:  0    Dex: 15    Spells: 4/4 levels left

rFire   . . .      SeeInvis .   m - +1 dagger (antimagic)
rCold   . . .      Faith    .   (no shield)
rNeg    . . .      Spirit   .   d - +0 robe
rPois   .          Reflect  .   (no helmet)
rElec   .          Harm     .   (no cloak)
rCorr   .          Rampage  .   (no gloves)
Will    .....                   (no boots)
Stlth   ++........              (no amulet)
HPRegen 0.11/turn               (no ring)
MPRegen 0.07/turn               (no ring)

@: no status effects
A: fangs 1, strong nose, distributed training
a: no special abilities


You were on level 2 of the Dungeon.
You visited 1 branch of the dungeon, and saw 2 of its levels.

You collected 22 gold pieces.

Inventory:

Hand Weapons
 a - a +2 hand axe
 f - a +0 short sword
 m - a +1 antimagic dagger (weapon)
 n - a +0 short sword of speed
Missiles
 e - 10 poisoned darts (quivered)
Armour
 d - a +0 robe (worn)
Jewellery
 h - an amulet of magic regeneration
Scrolls
 c - 2 scrolls of teleportation
 i - 5 scrolls of identify
 k - a scroll of magic mapping {unknown}
Potions
 g - 2 potions of berserk rage {unknown}
 j - a potion of magic {unknown}
 l - a potion of cancellation {unknown}


   Skills:
 + Level 6.5 Fighting
 + Level 1.0 Short Blades
 + Level 1.0 Long Blades
 + Level 4.6 Axes
 + Level 1.0 Maces & Flails
 + Level 1.0 Polearms
 + Level 2.7 Staves
 + Level 1.0 Slings
 + Level 1.0 Bows
 + Level 1.0 Crossbows
 + Level 1.0 Throwing
 + Level 2.7 Armour
 + Level 2.7 Dodging
 + Level 2.5 Stealth
 + Level 2.7 Shields
 + Level 1.0 Unarmed Combat
 + Level 1.0 Spellcasting
 + Level 0.7 Conjurations
 + Level 0.7 Hexes
 + Level 0.7 Summonings
 + Level 0.7 Necromancy
 + Level 0.7 Translocations
 + Level 0.7 Transmutations
 + Level 0.7 Fire Magic
 + Level 0.7 Ice Magic
 + Level 0.7 Air Magic
 + Level 0.7 Earth Magic
 + Level 0.7 Poison Magic
 + Level 1.1 Invocations
 + Level 1.0 Evocations


You had 4 spell levels left.
You didn't know any spells.
Your spell library was empty.

Dungeon Overview and Level Annotations

Branches:
Dungeon (2/15)

Altars:

Annotations:
D:2 Natasha


Innate Abilities, Weirdness & Mutations

You have very sharp teeth.
Your uncanny sense of smell can sniff out nearby items.
Your experience applies equally to all skills.


Message History

Natasha is lightly wounded.
Natasha mewls in sadness.
Natasha casts a spell.
You closely miss Natasha. You bite Natasha.
Natasha is moderately wounded.
Natasha closely misses you.
You hit Natasha.
Natasha's magic leaks into the air.
Natasha is heavily wounded.
Natasha falters for a moment.
You hit Natasha but do no damage.
Natasha is severely wounded.
Natasha barely misses you.
You hit Natasha but do no damage.
Natasha is severely wounded.
The crimson imp hits you. Natasha claws you but does no damage.
You hit Natasha.
Natasha's magic leaks into the air.
Natasha is severely wounded.
The crimson imp hits you but does no damage.
Natasha claws you!
* * * LOW HITPOINT WARNING * * *
You closely miss Natasha. Your bite misses Natasha.
Natasha is severely wounded.
The white imp gestures at you. The puff of frost misses you.
The crimson imp barely misses you. Natasha claws you but does no damage.
You closely miss Natasha.
Natasha is severely wounded.
The white imp misses you. The crimson imp hits you.
* * * LOW HITPOINT WARNING * * *
Natasha closely misses you.
You closely miss Natasha. Your bite misses Natasha.
Natasha is severely wounded.
The white imp closely misses you. The crimson imp closely misses you.
Natasha barely misses you.
You feel better. The white imp gestures at you. The puff of frost hits you!
* * * LOW HITPOINT WARNING * * *
The crimson imp hits you.
You die...

.....#........##.#<........# #...
....[###.......###.........# #...
.....###........((.........###...
.......+.........................
.....###.....##......###.######..
.....##########..#.....#.######..
................(#####.#.##...#..
...#...........5h5.....#.##...#..
...#............@..#####.##...###
#############...(#.# #[##...# #
#...##'## #.##...# #
#..##..)####.##...###
#.##.....##...(.....#
###.#...#.##........#
##.8.8.8.8.##.......#
###...........#.......'
#.'...........'.......#


You could see Natasha (poisoned), a crimson imp (summoned) and a white imp
(summoned).

Vanquished Creatures
  Natasha (D:2)
  2 endoplasms (D:1)
  A giant cockroach (D:1)
  2 goblins
  4 hobgoblins
  4 jackals (D:2)
  2 quokkas
  3 ball pythons
  5 kobolds
  3 rats (D:1)
27 creatures vanquished.

Notes
Turn   | Place    | Note
-------+----------+-------------------------------------------
     0 | D:1      | frimble the Gnoll Wanderer began the quest for the Orb.
     0 | D:1      | frimble set off with the following items: a +2 hand axe, a
                  | potion of curing, a scroll of teleportation, a +0 robe
     0 | D:1      | Reached XP level 1. HP: 23/23 MP: 1/1
   302 | D:1      | Reached XP level 2. HP: 25/29 MP: 2/2
  1425 | D:2      | Found a faded altar of an unknown god.
  1493 | D:2      | Reached XP level 3. HP: 24/35 MP: 3/3
  1615 | D:2      | Noticed Natasha
  1634 | D:2      | Killed Natasha
  1635 | D:2      | Reached skill level 1 in Short Blades
  1635 | D:2      | Reached skill level 1 in Long Blades
  1635 | D:2      | Reached skill level 1 in Maces & Flails
  1635 | D:2      | Reached skill level 1 in Polearms
  1635 | D:2      | Reached skill level 1 in Slings
  1635 | D:2      | Reached skill level 1 in Bows
  1635 | D:2      | Reached skill level 1 in Crossbows
  1635 | D:2      | Reached skill level 1 in Throwing
  1635 | D:2      | Reached skill level 1 in Unarmed Combat
  1635 | D:2      | Reached skill level 1 in Spellcasting
  1635 | D:2      | Reached skill level 1 in Invocations
  1635 | D:2      | Reached skill level 1 in Evocations
  1929 | D:2      | Noticed Natasha
  1946 | D:2      | Slain by a crimson imp

Illustrated notes

Levels and vault maps discovered:
D:1:      dpeg_arrival_pond, layout_loops_ring
D:2:      layout_basic, shapermc_ecumenical_altar_mp_highgroup,
          dk_noncrumbling_3, uniq_natasha

Skill      XL: |  1  2  3 |
---------------+----------+-----
Short Blades   | 1 |  1.0
Long Blades    | 1 |  1.0
Maces & Flails | 1 |  1.0
Polearms       | 1 |  1.0
Slings         | 1 |  1.0
Bows           | 1 |  1.0
Crossbows      | 1 |  1.0
Throwing       | 1 |  1.0
Unarmed Combat | 1 |  1.0
Spellcasting   | 1 |  1.0
Invocations    | 1 |  1.1
Evocations     | 1 |  1.0
Fighting       | |  6.5
Axes           | |  4.6
Staves         | |  2.7
Armour         | |  2.7
Dodging        | |  2.7
Stealth        | |  2.5
Shields        | |  2.7
Conjurations   | |  0.7
Hexes          | |  0.7
Summonings     | |  0.7
Necromancy     | |  0.7
Translocations | |  0.7
Transmutations | |  0.7
Fire Magic     | |  0.7
Ice Magic      | |  0.7
Air Magic      | |  0.7
Earth Magic    | |  0.7
Poison Magic   | |  0.7

Action                   || total
-------------------------++-------
Melee: Hand axe          ||    73
       Bite              ||    11
       Dagger            ||    25
Throw: Dart              ||    13
  Use: Scroll            ||     3
       Potion            ||     1
 Stab: Sleeping          ||     6
       Distracted        ||     1
Armor: Robe              ||    12
Dodge: Dodged            ||    73

Table legend: (Time is in decaauts)
 A = Elapsed time spent in this place.
 B = Non-inter-level travel time spent in this place.
 C = Inter-level travel time spent in this place.
 D = Time resting spent in this place.
 E = Time spent auto-exploring this place.
 F = Levels seen in this place.
 G = Mean time per level.
                   A        B        C        D        E       F      G
               +--------+--------+--------+--------+--------+-----+--------+
         Total |   1948 |   1915 |     33 |      0 |   1643 |   2 |  974.0 |
       Dungeon |   1948 |   1915 |     33 |      0 |   1643 |   2 |  974.0 |
               +--------+--------+--------+--------+--------+-----+--------+

Top non-repeatable levels by time:
     D:1: 1042 daAuts
     D:2: 906 daAuts
